 Dungeon Crawl Stone Soup version 0.31-a0-618-g7ca08c1ff9 (webtiles) character file.

Game seed: 9274191655511408065

730 spiderkeys the Ruffian (level 7, 0/48 HPs)
             Began as an Octopode Shapeshifter on Aug 22, 2023.
             Slain by a centaur (4 damage)
             ... on level 5 of the Dungeon.
             The game lasted 00:05:05 (3754 turns).

spiderkeys the Ruffian (Octopode Shapeshifter)      Turns: 3754, Time: 00:05:05

Health: 0/48       AC:  1    Str: 15    XL:     7   Next: 73%
Magic:  7/7        EV: 14    Int: 10    God:
Gold:   1326       SH:  0    Dex: 14    Spells: 6/6 levels left

rFire   . .          .
                       - Unarmed
rCold   . . .        (no shield)
rNeg    . . .        (helmet currently unavailable)
rPois   .            (no amulet)
rElec   .            v - ring of see invisible
rCorr   .            (no ring)
SInv    +            (no ring)
Will    .....        (no ring)
Stlth   ++           (no ring)
HPRegen 0.28/turn    (no ring)
MPRegen 0.10/turn    (no ring)
                     (no ring)

%: no passive effects
@: beast-form
A: beast (slay +2), almost no armour, amphibious, 8 rings, camouflage 1,
gelatinous body 1, (nimble swimmer 1), tentacles
a: Begin Untransformation


You were on level 5 of the Dungeon.
You were a hulking beast.
You visited 1 branch of the dungeon, and saw 5 of its levels.

You collected 1326 gold pieces.


Innate Abilities, Weirdness & Mutations

You are a hulking beast.
Your limbs bulge with bestial killing power. (Slay +2)
You cannot wear most types of armour.
You are amphibious.
You can wear up to eight rings at the same time.
Your skin changes colour to match your surroundings (Stealth+).
Your rubbery body absorbs attacks. (AC +1, EV +1)
((You are camouflaged when in or above water. (Stealth+)))
You have tentacles for arms and can constrict up to eight enemies at once.


   Skills:
 + Level 4.1 Fighting
 + Level 4.4 Dodging
 + Level 5.1 Unarmed Combat
 + Level 4.8 Shapeshifting


You had 6 spell levels left.
You didn't know any spells.
Your spell library contained the following spells:

 Spells                   Type           Power      Damage    Failure   Level
 Summon Small Mammal      Summ           0%         N/A       36%         1
 Call Canine Familiar     Summ           0%         N/A       75%         3
 Inner Flame              Hex/Fire       0%         N/A       75%         3
 Portal Projectile        Hex/Tloc       0%         N/A       75%         3
 Summon Guardian Golem    Hex/Summ       0%         N/A       75%         3
 Tukima's Dance           Hex            0%         N/A       75%         3
 Flame Wave               Conj/Fire      0%         2d4       98%         4
 Iskenderun's Mystic Bla  Conj/Tloc      0%         2d3       98%         4
 Sticky Flame             Conj/Fire      0%         2d3       98%         4
 Orb of Destruction       Conj           0%         9d5       100%        7
 Spellforged Servitor     Conj/Summ      0%         N/A       100%        7

Inventory:

Missiles
 d - 40 stones
 e - 2 poisoned darts
 k - 4 atropa-tipped darts
Jewellery
 v - a ring of see invisible (left tentacle)
   (You found it on level 1 of the Dungeon)
Talismans
 b - a beast talisman (active)
 c - a flux talisman
Scrolls
 f - 3 scrolls of identify {@r1}
 i - a scroll of amnesia {unknown}
 l - a scroll of revelation
 m - a scroll of enchant weapon {unknown}
 n - a scroll of silence {!r}
 o - a scroll of fog {unknown}
Potions
 a - 2 potions of lignification {!q}
 g - a potion of berserk rage {unknown}
 j - 2 potions of enlightenment

Dungeon Overview and Level Annotations

Branches:
Dungeon (5/15) Zot: 26257
 Temple: D:4-7

Altars:
Dithmenos
Elyvilon
The Shining One

....## #....##
...#......###.....#
..................##
...................##
..$.........#.......#
>...........#..†....#
............#..#.####
......oh.......###
#..oh..(..###
.....rc)......#
#.#.##(([........# #
#.....#......#
#.....##.#...#
#.....# ###..#
....#.## ### ##..###


You could see a centaur, a hound, an orc wizard, an orc and a quokka.


Message History

The poisoned dart barely misses the scorpion.
Throw: 4 darts (poison)
Press: ? - help, Shift-Dir - straight line, f/p - scorpion
Aim: a scorpion (lightly wounded, poisoned, 59% to hit)
You throw a poisoned dart.
The poisoned dart completely misses the scorpion. 😕 HP[+1] Throw: 3 darts (poison)
Press: ? - help, Shift-Dir - straight line, f/p - scorpion
Aim: a scorpion (lightly wounded, poisoned, 59% to hit)
You throw a poisoned dart. The poisoned dart hits the scorpion.
The scorpion looks even sicker.
You completely miss the scorpion. You grab the scorpion.
You constrict the scorpion, but do no damage.
The scorpion barely misses you.
You tentacle-slap the scorpion. Your squeeze misses the scorpion.
You constrict the scorpion, but do no damage.
The scorpion completely misses you.
You tentacle-slap the scorpion but do no damage.
You tentacle-slap the scorpion.
You kill the scorpion!
Your Fighting skill increases to level 4! 😎 HP[+2]
You now have 48 max hp (+1).
Your hp is fully restored (48).
An orc is nearby!
A sleepcap comes into view.
You see here 2 poisoned darts.
An orc comes into view. It is wielding a +0 short sword.
The orc shouts!
You hear a shout! x3
An orc comes into view. It is wielding a +0 flail.
An orc comes into view. It is wielding a +0 hand axe.
Found a stone staircase leading down.
The orc shouts!
An orc wizard comes into view. It is wielding a +0 dagger.
The orc closely misses you. The sleepcap closely misses you.
A centaur comes into view.
You tentacle-slap the sleepcap but do no damage.
You grab the sleepcap. You constrict the sleepcap. The orc closely misses you.
The sleepcap misses you.
You tentacle-slap the sleepcap but do no damage.
You squeeze the sleepcap, but do no damage.
You constrict the sleepcap.
A hound comes into view.
The orc completely misses you. The sleepcap closely misses you.
You tentacle-slap the sleepcap. x2
You squeeze the sleepcap, but do no damage.
You constrict the sleepcap. The orc hits you with a +0 falchion.
The sleepcap releases spores at you! 😮 HP[-13]
You take 13 damage, and now have 35/48 hp.
MASSIVE DAMAGE!! (PAUSE)
You tentacle-slap the orc. You grab the orc. You squeeze the orc.
You kill the orc!
You constrict the sleepcap. The orc misses you.
The orc hits you with a +0 flail.
The sleepcap closely misses you. 😮 HP[-5]
You take 5 damage, and now have 30/48 hp.
You bludgeon the orc!
You kill the orc!
You constrict the sleepcap.
The orc wizard hits you with a +0 dagger.
The sleepcap releases spores at you but does no damage.
The orc closely misses you. 😮 HP[-2]
You take 2 damage, and now have 28/48 hp.
You barely miss the orc. You grab the orc. You constrict the sleepcap.
You constrict the orc. The centaur misses you. The centaur kicks you.
A quokka comes into view.
The orc hits you with a +0 flail.
* * * LOW HITPOINT WARNING * * *
The orc wizard hits you with a +0 dagger.
* * * LOW HITPOINT WARNING * * *
The sleepcap releases spores at you but does no damage.
The centaur barely misses you.
The centaur kicks you but does no damage. 😨 HP[-8]
You take 8 damage, and now have 20/48 hp.
You tentacle-slap the orc wizard but do no damage.
You grab the orc wizard. You tentacle-slap the orc wizard!
You constrict the sleepcap. You constrict the orc.
You constrict the orc wizard. The centaur misses you. The centaur kicks you.
* * * LOW HITPOINT WARNING * * *
The orc wizard hits you with a +0 dagger.
* * * LOW HITPOINT WARNING * * *
The orc closely misses you.
The sleepcap barely misses you. 😨 HP[-3]
You take 3 damage, and now have 17/48 hp.
You tentacle-slap the orc wizard. You constrict the sleepcap.
You destroy the sleepcap!
You constrict the orc.
You kill the orc!
You constrict the orc wizard, but do no damage.
The centaur hits you.
* * * LOW HITPOINT WARNING * * *
The centaur kicks you.
* * * LOW HITPOINT WARNING * * *
The hound bites you.
* * * LOW HITPOINT WARNING * * *
The centaur hits you.
You die...

Skill      XL: |  1  2  3  4  5  6  7 |
---------------+----------------------+-----
Fighting       | 2 3 4 |  4.1
Dodging        | 3 4 |  4.4
Unarmed Combat | 4 5 |  5.1
Shapeshifting  | 4 |  4.8

Action                     |  1- 3 |  4- 6 |  7- 9 || total
---------------------------+-------+-------+-------++-------
  Melee: Unarmed           |    71 |    64 |    28 ||   163
         Constrict         |    20 |    11 |     9 ||    40
         Tentacles         |    15 |    17 |     7 ||    39
         Punch             |     1 |     2 |     4 ||     7
  Throw: Dart              |       |     3 |     5 ||     8
  Evoke: Wand              |       |     3 |       ||     3
    Use: Scroll            |     1 |     4 |     1 ||     6
         Potion            |       |     5 |       ||     5
   Stab: Sleeping          |     9 |     2 |     1 ||    12
         Paralysed         |       |     3 |       ||     3
 Armour: Skin              |     4 |     2 |     3 ||     9
  Dodge: Dodged            |    36 |    33 |    33 ||   102

Levels and vault maps discovered:
D:1:      wander_arrival_chamber, layout_basic, hangedman_decor_lopped,
          fountainhead
D:2:      layout_basic, minmay_tetromino_l4
D:3:      layout_loops_ring, mainiacjoe_overflow_boulevard,
          mainiacjoe_overflow_six_doors_small, eino_tiny_chamber
D:4:      layout_rooms, nicolae_elyvilon_peaceful_grove, uniq_menkaure,
          uniq_ijyb, uniq_crazy_yiuf_cottage
D:5:      layout_cave_pools, grunt_gozag_breadcrumbs, tgw_xom,
          serial_park_tiny_pond, minmay_diced_spiral, uniq_prince_ribbit1

Notes
Turn   | Place    | Note
-------+----------+-------------------------------------------
     0 | D:1      | spiderkeys the Octopode Shapeshifter began the quest for
                  | the Orb.
     0 | D:1      | Reached XP level 1. HP: 13/13 MP: 1/1
     0 | D:1      | magus.rc [v1.11.6]
   134 | D:1      | Reached XP level 2. HP: 17/18 MP: 2/2
   358 | D:1      | Reached XP level 3. HP: 23/23 MP: 3/3
   383 | D:1      | You add the spells Summon Small Mammal, Call Canine
                  | Familiar and Summon Guardian Golem to your library.
   435 | D:1      | You add the spells Tukima's Dance, Portal Projectile and
                  | Iskenderun's Mystic Blast to your library.
   961 | D:2      | You add the spells Orb of Destruction and Spellforged
                  | Servitor to your library.
  1458 | D:3      | Reached skill level 2 in Fighting
  1458 | D:3      | Reached XP level 4. HP: 29/29 MP: 4/4
  1746 | D:3      | Found a shadowy altar of Dithmenos.
  1884 | D:3      | Found a glowing golden altar of the Shining One.
  2135 | D:4      | Noticed Ijyb
  2141 | D:4      | Paralysed by Ijyb for 3 turns
  2145 | D:4      | Killed Ijyb
  2268 | D:4      | Found a white marble altar of Elyvilon.
  2288 | D:4      | Noticed a phantom
  2298 | D:4      | HP: 7/30 [phantom (7)]
  2305 | D:4      | HP: 7/30 [phantom (5)]
  2307 | D:4      | Killed a phantom
  2308 | D:4      | Reached skill level 3 in Dodging
  2308 | D:4      | Reached skill level 4 in Unarmed Combat
  2308 | D:4      | Reached XP level 5. HP: 5/35 MP: 5/5
  2436 | D:4      | You add the spells Inner Flame, Sticky Flame and Flame Wave
                  | to your library.
  2478 | D:4      | Noticed a phantom
  2489 | D:4      | Killed a phantom
  2490 | D:4      | Reached skill level 3 in Fighting
  2490 | D:4      | Reached skill level 4 in Shapeshifting
  2490 | D:4      | Reached XP level 6. HP: 25/42 MP: 6/6
  2736 | D:4      | Noticed Menkaure
  2742 | D:4      | Killed Menkaure
  2826 | D:4      | Found a runed translucent door.
  2827 | D:4      | Noticed Crazy Yiuf
  2986 | D:4      | Killed Crazy Yiuf
  3009 | D:5      | Entered Level 5 of the Dungeon
  3028 | D:5      | Identified a scroll of acquirement
  3029 | D:5      | Acquired 1112 gold pieces
  3130 | D:5      | Noticed a black bear
  3147 | D:5      | Killed a black bear
  3148 | D:5      | Reached skill level 4 in Dodging
  3148 | D:5      | Reached XP level 7. HP: 36/46 MP: 7/7
  3151 | D:5      | HP: 10/46 [iguana (12)]
  3434 | D:5      | HP: 11/47 [gnoll/+0 flail[a gnoll bouda] (7)]
  3435 | D:5      | HP: 2/47 [gnoll/+0 flail[a gnoll bouda] (10)]
  3731 | D:5      | Reached skill level 5 in Unarmed Combat
  3741 | D:5      | Reached skill level 4 in Fighting
  3754 | D:5      | HP: 11/48 [centaur (6)]
  3754 | D:5      | HP: 4/48 [hound (6)]
  3754 | D:5      | Slain by a centaur

Vanquished Creatures
  Menkaure (D:4)
  A black bear (D:5)
  2 phantoms (D:4)
  2 scorpions (D:5)
  2 hounds (D:5)
  Crazy Yiuf (D:4)
  An iguana (D:5)
  A sleepcap (D:5)
  Ijyb (D:4)
  A gnoll (D:5)
  4 adders
  A white imp (D:5)
  2 dart slugs
  4 orcs
  2 bats (D:1)
  4 endoplasms
  A giant cockroach (D:2)
  2 goblins
  5 hobgoblins
  17 jackals
  2 quokkas
  6 ball pythons
  3 frilled lizards
  6 kobolds
  5 rats
77 creatures vanquished.

Table legend:
 A = Non-vault XP
 B = Vault XP
 C = Vault XP percentage of total XP
 D = Non-vault monster count
 E = Vault monster count
 F = Vault count percentage of total count
                 A         B        C        D         E       F
            +---------+---------+-------+---------+---------+-------
      Total |     837 |     246 |  22.7 |      74 |       3 |   3.9
            +---------+---------+-------+---------+---------+-------
        D:1 |      59 |       0 |   0.0 |      32 |       0 |   0.0
        D:2 |      11 |       0 |   0.0 |       7 |       0 |   0.0
        D:3 |      25 |       0 |   0.0 |      10 |       0 |   0.0
        D:4 |     264 |     246 |  48.2 |      13 |       3 |  18.8
        D:5 |     478 |       0 |   0.0 |      12 |       0 |   0.0
            +---------+---------+-------+---------+---------+-------

Skill      XL: |  1  2  3  4  5  6  7 |
---------------+----------------------+-----
Fighting       | 2 3 4 |  4.1
Dodging        | 3 4 |  4.4
Unarmed Combat | 4 5 |  5.1
Shapeshifting  | 4 |  4.8

Action                     |  1- 3 |  4- 6 |  7- 9 || total
---------------------------+-------+-------+-------++-------
  Melee: Unarmed           |    71 |    64 |    28 ||   163
         Constrict         |    20 |    11 |     9 ||    40
         Tentacles         |    15 |    17 |     7 ||    39
         Punch             |     1 |     2 |     4 ||     7
  Throw: Dart              |       |     3 |     5 ||     8
  Evoke: Wand              |       |     3 |       ||     3
    Use: Scroll            |     1 |     4 |     1 ||     6
         Potion            |       |     5 |       ||     5
   Stab: Sleeping          |     9 |     2 |     1 ||    12
         Paralysed         |       |     3 |       ||     3
 Armour: Skin              |     4 |     2 |     3 ||     9
  Dodge: Dodged            |    36 |    33 |    33 ||   102

Illustrated notes

Table legend:
 A = Kills in this place as a percentage of kills in the entire game.
 B = Kills by you in this place as a percentage of kills by you in the entire game.
 C = Kills by friends in this place as a percentage of kills by friends in the entire game.
 D = Other kills in this place as a percentage of other kills in the entire game.
 E = Experience gained in this place as a percentage of experience gained in the entire game.
 F = Experience gained in this place divided by the number of levels of this place that you have seen.
                   A       B       C       D       E      F
               +-------+-------+-------+-------+-------+----------------------
         Total | 100.0 | 100.0 |   N/A |   N/A | 100.0 | 216.6
       Dungeon | 100.0 | 100.0 |   N/A |   N/A | 100.0 | 216.6
               +-------+-------+-------+-------+-------+----------------------

Table legend: (Time is in decaauts)
 A = Elapsed time spent in this place.
 B = Non-inter-level travel time spent in this place.
 C = Inter-level travel time spent in this place.
 D = Time resting spent in this place.
 E = Time spent auto-exploring this place.
 F = Levels seen in this place.
 G = Mean time per level.
                   A        B        C        D        E       F      G
               +--------+--------+--------+--------+--------+-----+--------+
         Total |   3741 |   3623 |    118 |    353 |   2763 |   5 |  748.2 |
       Dungeon |   3741 |   3623 |    118 |    353 |   2763 |   5 |  748.2 |
               +--------+--------+--------+--------+--------+-----+--------+

Top non-repeatable levels by time:
     D:1: 927 daAuts
     D:4: 870 daAuts
     D:3: 748 daAuts
     D:5: 741 daAuts
     D:2: 453 daAuts
